 Dungeon Crawl Stone Soup version 0.23.2-1-ga50397a (webtiles) character file.

Game seed: 4318664445612648518

170 whitewolfNL the Ruffian (level 5, -1/53 HPs)
             Began as a Troll Berserker on May 1, 2019.
             Was a Believer of Trog.
             Slain by Grinder (3 damage)
             ... while paralysed by Grinder
             ... on level 3 of the Dungeon.
             The game lasted 00:07:15 (1845 turns).

whitewolfNL the Ruffian (Troll Berserker)           Turns: 1845, Time: 00:07:16

Health: -1/53      AC:  6    Str: 25    XL:     5   Next: 25%
Magic:  4/4        EV:  1    Int:  3    God:    Trog [**....]
Gold:   117        SH:  0    Dex: 10    Spells: 4/4 levels left

rFire    . . .     SeeInvis .     - Unarmed
rCold    . . .     Gourm    +   (no shield)
rNeg     + . .     Faith    .   j - +0 robe {rN+}
rPois    .         Spirit   .   (helmet restricted)
rElec    .         Reflect  .   (no cloak)
rCorr    +         Harm     .   (gloves unavailable)
MR       .....                  (boots unavailable)
Stlth    +.........             (no amulet)
HPRegen  0.57/turn              k - ring of resist corrosion
MPRegen  0.09/turn              (no ring)

@: paralysed, berserk cooldown
A: large, unfitting armour, claws 3, fast metabolism 3, gourmand, regeneration
1, shaggy fur 1, tough skin 3
a: Berserk, Trog's Hand, Renounce Religion


You were on level 3 of the Dungeon.
You worshipped Trog.
Trog was pleased with you.
You were not hungry.

You visited 1 branch of the dungeon, and saw 3 of its levels.

You collected 117 gold pieces.

Inventory:

Missiles
 c - 89 arrows
 e - 2 javelins (quivered)
Armour
 j - a +0 robe of positive energy (worn)
Jewellery
 k - a ring of resist corrosion (left claw)
Wands
 l - a wand of scattershot (6)
Scrolls
 d - a scroll of teleportation {unknown}
 f - 5 scrolls of identify {unknown}
 m - a scroll of random uselessness {unknown}
Potions
 a - a potion of flight {unknown}
 g - a potion of lignification {unknown}
 h - a potion of might {unknown}
 i - 2 potions of mutation {unknown}
Comestibles
 b - 12 rations


   Skills:
 * Level 3.1 Fighting
 * Level 1.5 Throwing
 + Level 3.1 Dodging
 * Level 1.0 Stealth
 + Level 4.0 Unarmed Combat


You had 4 spell levels left.
You didn't know any spells.
Your spell library was empty.

Dungeon Overview and Level Annotations

Branches:
Dungeon (3/15)

Altars:
Okawaru

Annotations:
D:3 Grinder


Innate Abilities, Weirdness & Mutations

You are too large for most types of armour.
You have claws for hands.
Your metabolism is lightning-fast.
You like to eat raw meat.
Your natural rate of healing is unusually fast.
You are covered in fur. (AC +1)
You have extremely tough skin. (AC +3)


Message History

You closely miss Grinder.
Grinder is moderately wounded.
Grinder hits you!
You writhe in agony.
You closely miss Grinder.
Grinder is moderately wounded.
Grinder hits you.
You writhe in agony.
You claw Grinder!
Grinder is heavily wounded.
Grinder hits you.
You barely miss Grinder.
Grinder is heavily wounded.
Grinder gestures at you.
You suddenly lose the ability to move!
Grinder hits you but does no damage. Grinder hits you!
* * * LOW HITPOINT WARNING * * *
Grinder hits you!
* * * LOW HITPOINT WARNING * * *
You writhe in agony.
You die...

##.....#.#
#..#####.# .#
#.. #.# .#
#.. #!##.# #
#....# #.!.##
#)..# #)5?#
#@### #)#
#.....?..#
#.........#
#...(.......#
#...........#
#...........#
##.........##
##.........


You could see Grinder.

Vanquished Creatures
  An orc wizard (D:3)
  Ijyb (D:3)
  2 adders (D:2)
  2 gnolls (D:1)
  3 oozes
  2 worms
  2 dart slugs
  A leopard gecko (D:2)
  3 orcs (D:3)
  A giant cockroach (D:2)
  5 goblins
  4 hobgoblins
  3 jackals (D:2)
  2 quokkas (D:2)
  A ball python (D:2)
  7 bats
  2 frilled lizards (D:2)
  7 kobolds
  6 rats
55 creatures vanquished.

Notes
Turn   | Place    | Note
-------+----------+-------------------------------------------
     0 | D:1      | whitewolfNL the Troll Berserker began the quest for the
                  | Orb.
     0 | D:1      | Reached XP level 1. HP: 22/22 MP: 0/0
    96 | D:1      | Reached XP level 2. HP: 10/29 MP: 1/1
   251 | D:1      | Reached XP level 3. HP: 36/36 MP: 2/2
   885 | D:2      | Reached ** piety under Trog
   894 | D:2      | Reached skill level 1 in Throwing
  1009 | D:2      | Reached XP level 4. HP: 44/44 MP: 3/3
  1092 | D:2      | Found an iron altar of Okawaru.
  1706 | D:3      | Noticed Ijyb
  1715 | D:3      | Killed Ijyb
  1793 | D:3      | Noticed Grinder
  1797 | D:3      | Reached skill level 1 in Stealth
  1797 | D:3      | Reached skill level 4 in Unarmed Combat
  1797 | D:3      | Reached XP level 5. HP: 53/53 MP: 4/4
  1805 | D:3      | Paralysed by Grinder for 7 turns
  1822 | D:3      | Paralysed by Grinder for 3 turns
  1833 | D:3      | Paralysed by Grinder for 6 turns
  1842 | D:3      | Paralysed by Grinder for 3 turns
  1845 | D:3      | HP: 2/53 [Grinder (9)]
  1845 | D:3      | Slain by Grinder

Skill      XL: |  1  2  3  4 |
---------------+-------------+-----
Throwing       | 1 |  1.5
Fighting       | 3 |  3.1
Dodging        | 3 |  3.1
Stealth        | 1 |  1.0
Unarmed Combat | 4 |  4.0

Action                   |  1- 3 |  4- 6 || total
-------------------------+-------+-------++-------
Melee: Unarmed           |    80 |    63 ||   143
Invok: Berserk           |     4 |     2 ||     6
 Stab: Sleeping          |     1 |     1 ||     2
  Eat: Chunk             |    18 |     5 ||    23
Armor: Animal skin       |    33 |     2 ||    35
       Robe              |       |    11 ||    11
Dodge: Dodged            |    40 |    28 ||    68
